 Dungeon Crawl Stone Soup version 0.28-a0-1567-g1695149f81 (webtiles) character file.

Game seed: 7642354533854666704

10 Pin the Chopper (level 2, -5/27 HPs)
             Began as a Hill Orc Monk on Jan 20, 2022.
             Slain by a worm (9 damage)
             ... on level 2 of the Dungeon.
             The game lasted 00:01:23 (900 turns).

Pin the Chopper (Hill Orc Monk)                      Turns: 900, Time: 00:01:23

Health: -5/27      AC:  6    Str: 13    XL:     2   Next: 20%
Magic:  2/2        EV:  9    Int: 10    God:
Gold:   31         SH:  0    Dex: 13    Spells: 1/1 levels left

rFire   . . .      SeeInvis .   a - +0 hand axe
rCold   . . .      Faith    .   (no shield)
rNeg    . . .      Spirit   .   c - +0 scale mail
rPois   .          Reflect  .   (no helmet)
rElec   .          Harm     .   (no cloak)
rCorr   .          Rampage  .   (no gloves)
Will    .....                   (no boots)
Stlth   ..........              (no amulet)
HPRegen 0.09/turn               (no ring)
MPRegen 0.08/turn               (no ring)

@: no status effects
A: no striking features
a: no special abilities


You were on level 2 of the Dungeon.
You visited 1 branch of the dungeon, and saw 2 of its levels.

You collected 31 gold pieces.

Inventory:

Hand Weapons
 a - a +0 hand axe (weapon)
Armour
 c - a +0 scale mail (worn)
Scrolls
 b - 2 scrolls of identify {unknown}
 d - a scroll of fear {unknown}
 f - a scroll of magic mapping {unknown}
Potions
 e - 2 potions of brilliance {unknown}


   Skills:
 + Level 3.9 Fighting
 + Level 4.3 Axes
 + Level 1.0 Armour
 - Level 2.4 Dodging
 - Level 1.5 Stealth


You had one spell level left.
You didn't know any spells.
Your spell library was empty.

Dungeon Overview and Level Annotations

Branches:
Dungeon (2/15)

Altars:


Message History

There are monsters nearby!
You closely miss the kobold.
The kobold is severely wounded.
The kobold hits you with a +0 short sword.
A worm comes into view.
You barely miss the kobold.
The kobold is severely wounded.
The kobold hits you with a +0 short sword.
You hit the kobold but do no damage.
The kobold is severely wounded.
The kobold hits you with a +0 short sword.
You hit the kobold.
You kill the kobold!
You hit the giant cockroach.
You kill the giant cockroach!
The worm bites you.
Things that are here:
a +0 short sword; a giant cockroach corpse; a kobold corpse You hit the worm.
The worm is lightly wounded.
The worm bites you.
You are too injured to fight recklessly!
You are too injured to fight recklessly!
You are too injured to fight recklessly!
You are too injured to fight recklessly!
You hit the worm.
The worm is moderately wounded.
You barely miss the worm.
The worm is moderately wounded.
The worm bites you.
You barely miss the worm.
The worm is lightly wounded.
The worm bites you.
* * * LOW HITPOINT WARNING * * *
You barely miss the worm.
The worm is lightly wounded.
You barely miss the worm.
The worm is lightly wounded.
The worm bites you!
You die...

##......#
.......###
#.........
#......###.
#<.........
#####...?..###.
........>.......
##..##......###.
#. ###@#### #.w#
....# ###..#
#... #.## .. ..


You could see a worm.

Vanquished Creatures
  2 bats (D:1)
  A giant cockroach (D:2)
  2 goblins (D:1)
  2 ball pythons (D:1)
  A kobold (D:2)
  A rat (D:1)
9 creatures vanquished.

Notes
Turn   | Place    | Note
-------+----------+-------------------------------------------
     0 | D:1      | Pin the Hill Orc Monk began the quest for the Orb.
     0 | D:1      | Reached XP level 1. HP: 19/19 MP: 1/1
    22 | D:1      | Noticed a shining eye
    25 | D:1      | Found a faded altar of an unknown god.
    32 | D:1      | Noticed an eye of devastation
    35 | D:1      | Noticed an eye of devastation
    45 | D:1      | Noticed a floating eye
   305 | D:1      | Reached XP level 2. HP: 27/27 MP: 2/2
   422 | D:1      | Reached skill level 1 in Armour
   900 | D:2      | Slain by a worm

Illustrated notes

Levels and vault maps discovered:
D:1:      giann_bridges, layout_basic, hellmonk_ecumenical_altar_watching_god
D:2:      layout_rooms, serial_shops, shop_statue, roderic_lattice_a,
          minmay_pentomino_v4

Skill      XL: |  1  2 |
---------------+-------+-----
Armour         | 1 |  1.0
Fighting       | |  3.9
Axes           | |  4.3
Dodging        | |  2.4
Stealth        | |  1.5

Action                   || total
-------------------------++-------
Melee: Hand axe          ||    46
Armor: Scale mail        ||    17
Dodge: Dodged            ||    18

Table legend: (Time is in decaauts)
 A = Elapsed time spent in this place.
 B = Non-inter-level travel time spent in this place.
 C = Inter-level travel time spent in this place.
 D = Time resting spent in this place.
 E = Time spent auto-exploring this place.
 F = Levels seen in this place.
 G = Mean time per level.
                   A        B        C        D        E       F      G
               +--------+--------+--------+--------+--------+-----+--------+
         Total |    903 |    896 |      7 |    171 |    625 |   2 |  451.5 |
       Dungeon |    903 |    896 |      7 |    171 |    625 |   2 |  451.5 |
               +--------+--------+--------+--------+--------+-----+--------+

Top non-repeatable levels by time:
     D:1: 877 daAuts
     D:2: 26 daAuts
